 Dungeon Crawl Stone Soup version 0.19.1-1-g22dce08 (webtiles) character file.

31337 Dolanko the Basher (level 13, -1/83 HPs)
             Began as a Gargoyle Fighter on Dec 29, 2016.
             Was a High Priest of Makhleb.
             Slain by a fire elemental (11 damage)
             ... summoned by a deep elf mage
             ... on level 1 of the Elven Halls.
             The game lasted 00:46:19 (14750 turns).

Dolanko the Basher (Gargoyle Fighter)              Turns: 14750, Time: 00:46:23

Health: -1/83      AC: 36    Str: 24    XL:     13   Next: 57%
Magic:  18/18      EV:  7    Int: 10    God:    Makhleb [*****.]
Gold:   222        SH:  0    Dex: 14    Spells: 0 memorised, 12 levels left

rFire  . . .     SeeInvis .     b - +10 demon whip "Waruugry" {freeze, +Fly rC++}
rCold  + + .     Gourm    +     Q - +4 plate armour
rNeg   + + .     Faith    .     (no shield)
rPois  ∞         Spirit   .     X - +2 hat
rElec  +         Reflect  .     P - +2 cloak
rCorr  .         Harm     .     M - +1 pair of gloves
MR     .....                    (no boots)
Stlth  ..........               r - amulet of the gourmand
                                U - ring of positive energy
                                s - +5 ring of dexterity

@: liquid flames, glowing
A: negative energy resistance 1, electricity resistance, unbreathing,
petrification resistance, rot immunity, subdued magic 1, AC +9
a: Minor Destruction, Lesser Servant of Makhleb, Major Destruction, Greater
Servant of Makhleb, Renounce Religion, Evoke Flight


You were on level 1 of the Elven Halls.
You worshipped Makhleb.
Makhleb was extremely pleased with you.
You were not hungry.

You visited 4 branches of the dungeon, and saw 13 of its levels.
You also visited: Ossuary.

You collected 1500 gold pieces.
You spent 1278 gold pieces at shops.

Inventory:

Hand Weapons
 a - the +7 arbalest of Misery {venom, +Inv}
   (You found it on level 9 of the Dungeon)

   It poisons the ammo it fires.
   It lets you turn invisible.
 b - the +10 demon whip "Waruugry" (weapon) {freeze, +Fly rC++}
   (You bought it in a shop on level 2 of the Orcish Mines)

   It has been specially enchanted to freeze those struck by it, causing extra
   injury to most foes and up to half again as much damage against particularly
   susceptible opponents.
   It can also slow down cold-blooded creatures.
   It greatly protects you from cold.
   It lets you fly.
Missiles
 w - 35 tomahawks (quivered)
 W - 78 bolts
Armour
 c - a +0 shield
 D - a +1 plate armour of cold resistance
 M - a +1 pair of gloves (worn)
 P - a +2 cloak (worn)
 Q - a +4 plate armour (worn)
 X - a +2 hat (worn)
Jewellery
 j - an uncursed ring of fire
 r - an amulet of the gourmand (around neck)
 s - a +5 ring of dexterity (left hand)
 t - an uncursed ring of fire
 O - an uncursed ring of ice
 R - an uncursed ring of stealth
 U - a ring of positive energy (right hand)
Wands
 k - a wand of flame (24/48)
 l - a wand of paralysis (11/24)
 o - a wand of paralysis (15/24)
 v - a wand of iceblast (9/15)
 B - a wand of paralysis (21/24)
 C - a wand of flame (36/48)
 F - a wand of polymorph (10/24)
 H - a wand of disintegration (14/24)
 L - a wand of digging (11/24)
 T - a wand of enslavement (14/24)
 V - a wand of acid (8/15)
Scrolls
 g - a scroll of teleportation
 u - a scroll of immolation
 z - 2 scrolls of remove curse
 G - 4 scrolls of recharging
 Z - a scroll of identify
Potions
 d - 2 potions of might
 h - 3 potions of flight
 m - 2 potions of mutation
 p - a potion of ambrosia
 q - 2 potions of haste
 x - a potion of berserk rage {unknown}
 A - 2 potions of curing
 E - a potion of brilliance
 N - a potion of resistance
Comestibles
 f - 5 bread rations
 i - 3 meat rations
 n - 3 slices of pizza
 J - a royal jelly
 Y - a beef jerky


   Skills:
 + Level 10.7 Fighting
 * Level 13.2 Maces & Flails
 + Level 6.3 Crossbows
 + Level 10.9 Armour
 + Level 10.5 Shields
 + Level 7.4 Invocations


You had 12 spell levels left.
You didn't know any spells.

Dungeon Overview and Level Annotations

Branches:
Dungeon (9/15)             Temple (1/1) D:5            Lair (0/6) D:9
    Orc (2/2) D:9             Elf (1/3) Orc:2

Altars:
Cheibriados
Elyvilon
Fedhas
Makhleb
Nemelex Xobeh
Qazlal
Sif Muna
Trog
Uskayaw
Xom
Zin
The Shining One
Beogh

Shops:
D:6 (   Orc:2 :(*[   Elf:1 ?!


Innate Abilities, Weirdness & Mutations

You are resistant to torment.
Your stone body is resilient. (AC +9)
You are immune to poison.
You resist negative energy. (rN+)
You are resistant to electric shocks. (rElec)
You can survive without breathing.
You are immune to petrification.
You are immune to rotting.
Your spells are a little easier to cast, but a little less powerful.


Message History

The fire elemental hits you. The fire elemental burns you!
* * * LOW HITPOINT WARNING * * *
The deep elf mage hits you but does no damage.
You miss the deep elf mage.
The deep elf mage is severely wounded.
The fire elemental hits you. The fire elemental burns you!
* * * LOW HITPOINT WARNING * * *
You feel much better.
The deep elf mage points at you and mumbles some strange words.
The sticky flame hits you!
You are covered in liquid flames!
The fire elemental hits you. The fire elemental burns you!
* * * LOW HITPOINT WARNING * * *
You whack the deep elf mage! You freeze the deep elf mage.
The deep elf mage is almost dead.
You are covered in liquid flames!
* * * LOW HITPOINT WARNING * * *
The deep elf mage hits you but does no damage.
The fire elemental hits you. The fire elemental burns you!
You die...

######.# #.# **#e# *,*,* ....##.#
#.# #e# *****,*,* ###.##.## ##.#
#.# *,,,,,,,, ###.##..# #..# #§#
*.#**,*,, ..#.##..###..# #§# *.#
*,,,, #....#...#...#
##.###.###,,,, ######8.8#8.8###
###.........,,,,
####.8[......8.###.......####**,*
.......#.∩.#()(E@e.##.##.# *,*
.###.8.......8.#######.#.# *,* ##
###8.8#8.8###.# #.#.# **+* #
#...#...# #.## ##.#.# **,,, ##
#..###..# ##.###.##.# **,,,, .##
#..# #..# ##....##.#**,,,,,
..####.##*##.#####.......##,,,,,,
..'..#.#,..#.#............'.,,,,,
..####.#.#*#.#.####....####.,,,,,


You could see a deep elf mage and a fire elemental.

Vanquished Creatures
  Saint Roka (Orc:2)
  Gastronok (D:9)
  6 dancing weapons (Elf:1)
  An orc high priest (Elf:1)
  Urug (Orc:2)
  2 deep elf knights (Elf:1)
  3 deep elf archers (Elf:1)
  Pikel (D:9)
  3 orc knights
  4 orc sorcerers (Orc:2)
  13 deep elf magi (Elf:1)
  A cyclops (Orc:2)
  A troll (Orc:2)
  3 hippogriffs
  A blink frog (D:9)
  2 air elementals (Elf:1)
  3 water elementals (Elf:1)
  4 fire elementals (Elf:1)
  Menkaure (D:6)
  A warg (Orc:2)
  2 porcupines (D:8)
  A black bear (D:6)
  3 sky beasts
  20 orc warriors
  2 slaves (D:8)
  7 ogres
  An ice beast (D:9)
  A necrophage (D:7)
  3 centaurs
  Blork the orc (Orc:2)
  5 bullfrogs
  4 earth elementals (Elf:1)
  3 scorpions
  6 killer bees (D:8)
  5 wights (D:7)
  3 howler monkeys (D:7)
  A quasit (D:9)
  A centaur zombie (Ossuary)
  3 hounds
  Crazy Yiuf (D:7)
  2 centaur skeletons
  A jelly (D:9)
  2 human zombies (Ossuary)
  15 orc priests
  19 orc wizards
  2 hell rats (D:8)
  6 worker ants
  A killer bee zombie (D:7)
  A big kobold zombie (Ossuary)
  2 hound zombies
  A hound skeleton (D:8)
  2 mummies (Ossuary)
  A worker ant zombie (D:6)
  7 gnolls
  19 adders
  A howler monkey skeleton (D:9)
  3 shadow imps
  An ooze (D:6)
  An adder zombie (D:6)
  4 worms
  4 dart slugs
  3 leopard geckos
  75 orcs
  6 giant cockroaches
  4 gnoll zombies (Ossuary)
  11 goblins
  6 hobgoblins
  6 jackals
  8 quokkas
  A ball python (D:5)
  9 bats
  8 frilled lizards
  A goblin zombie (Ossuary)
  3 hobgoblin zombies (Ossuary)
  A jackal skeleton (D:4)
  8 kobolds
  2 orc zombies (Ossuary)
  A quokka skeleton (D:9)
  11 rats
385 creatures vanquished.

Vanquished Creatures (collateral kills)
  An orc high priest (Orc:2)
  An orc sorcerer (Orc:2)
  2 trolls (Orc:2)
  A warg (Orc:1)
  4 orc warriors (Orc:2)
  3 ogres
  2 orc priests (Orc:2)
  5 orc wizards (Orc:2)
  7 orcs
26 creatures vanquished.

Vanquished Creatures (others)
  A leopard gecko (D:9)
  An orc (D:9)
  A quokka (D:9)
3 creatures vanquished.

Grand Total: 414 creatures vanquished

Notes
Turn   | Place    | Note
-------+----------+-------------------------------------------
     0 | D:1      | Dolanko the Gargoyle Fighter began the quest for the Orb.
     0 | D:1      | Reached XP level 1. HP: 14/14 MP: 1/1
   205 | D:1      | Reached XP level 2. HP: 12/19 MP: 2/2
   933 | D:1      | Reached XP level 3. HP: 22/23 MP: 3/3
  1377 | D:2      | Found a glowing silver altar of Zin.
  1380 | D:2      | Reached skill level 3 in Maces & Flails
  1381 | D:2      | Found a sparkling altar of Nemelex Xobeh.
  1574 | D:2      | Reached XP level 4. HP: 19/29 MP: 4/4
  2448 | D:3      | Reached XP level 5. HP: 28/33 MP: 5/5
  2459 | D:3      | Found a faded altar of an unknown god.
  2609 | D:3      | Found a deep blue altar of Sif Muna.
  2796 | D:3      | Reached skill level 4 in Maces & Flails
  3231 | D:3      | Reached XP level 6. HP: 19/39 MP: 6/6
  3647 | D:4      | Found a faded altar of an unknown god.
  3647 | D:4      | Found a blossoming altar of Fedhas.
  3652 | D:4      | Found a faded altar of an unknown god.
  3654 | D:4      | Found a faded altar of an unknown god.
  3656 | D:4      | Found a faded altar of an unknown god.
  3809 | D:4      | Reached skill level 5 in Maces & Flails
  3809 | D:4      | Reached XP level 7. HP: 34/44 MP: 7/7
  4380 | D:5      | Entered Level 5 of the Dungeon
  4436 | D:5      | Found a staircase to the Ecumenical Temple.
  4499 | Temple   | Entered the Ecumenical Temple
  4559 | Temple   | Became a worshipper of Makhleb the Destroyer
  4611 | D:5      | Reached skill level 5 in Fighting
  4666 | D:5      | Gained mutation: Your spells are a little easier to cast, but a little less powerful. [potion of mutation]
  4666 | D:5      | Gained mutation: You are occasionally teleported next to monsters. [potion of mutation]
  4666 | D:5      | Lost mutation: You are occasionally teleported next to monsters. [potion of mutation]
  4668 | D:5      | Reached skill level 5 in Armour
  4668 | D:5      | Reached skill level 5 in Shields
  4951 | D:5      | Found a bloodstained altar of Trog.
  5088 | D:5      | Found a bloodstained altar of Trog.
  5158 | D:5      | Reached skill level 6 in Maces & Flails
  5192 | D:5      | Reached XP level 8. HP: 44/50 MP: 8/8
  5417 | D:6      | Found Beuddure's Weapon Emporium.
  5612 | D:6      | Found a sand-covered staircase.
  5617 | Ossuary  | Entered an ossuary
  5625 | Ossuary  | Reached * piety under Makhleb
  5948 | D:6      | Reached skill level 7 in Maces & Flails
  6274 | D:6      | Noticed Menkaure
  6292 | D:6      | Killed Menkaure
  6292 | D:6      | Reached XP level 9. HP: 29/55 MP: 9/9
  6575 | D:7      | Reached ** piety under Makhleb
  6754 | D:7      | Reached skill level 8 in Maces & Flails
  6920 | D:7      | Found a runed door.
  6955 | D:7      | Noticed Crazy Yiuf
  6960 | D:7      | Killed Crazy Yiuf
  7735 | D:8      | Found a glowing golden altar of the Shining One.
  7967 | D:8      | Reached skill level 9 in Maces & Flails
  7974 | D:8      | Reached *** piety under Makhleb
  8084 | D:8      | Found a hide-covered altar of Uskayaw.
  8420 | D:8      | Reached XP level 10. HP: 47/63 MP: 10/10
  8461 | D:9      | Found a stormy altar of Qazlal.
  8469 | D:9      | Noticed Pikel
  8606 | D:9      | Found a staircase to the Lair.
  9001 | D:9      | Reached skill level 1 in Invocations
  9094 | D:9      | Killed Pikel
  9094 | D:9      | Reached skill level 10 in Maces & Flails
  9243 | D:9      | Got an ichor-stained arbalest
  9255 | D:9      | Identified the +7 arbalest of Misery {venom, +Inv} (You found it on level 9 of the Dungeon)
  9293 | D:9      | Reached **** piety under Makhleb
  9308 | D:9      | Found a white marble altar of Elyvilon.
  9586 | D:6      | Bought 30 bolts for 90 gold pieces
  9714 | D:9      | Noticed Gastronok
  9740 | D:9      | Killed Gastronok
  9740 | D:9      | Reached XP level 11. HP: 65/69 MP: 11/13
  9916 | D:9      | Found a staircase to the Orcish Mines.
 10022 | Orc:1    | Entered Level 1 of the Orcish Mines
 10074 | Orc:2    | Entered Level 2 of the Orcish Mines
 10076 | Orc:2    | Noticed an orc knight
 10998 | Orc:1    | Killed an orc knight
 11134 | Orc:2    | Noticed an orc sorcerer
 11238 | Orc:2    | Killed an orc sorcerer
 11355 | Orc:2    | Noticed an orc knight
 11369 | Orc:2    | Killed an orc knight
 11419 | Orc:2    | Noticed Urug
 11428 | Orc:2    | Reached skill level 11 in Maces & Flails
 11458 | Orc:2    | Killed Urug
 11846 | Orc:2    | Noticed Saint Roka
 11927 | Orc:2    | Killed Saint Roka
 11927 | Orc:2    | Reached skill level 5 in Invocations
 11927 | Orc:2    | Reached XP level 12. HP: 51/76 MP: 15/15
 12075 | Orc:2    | Noticed an orc high priest
 12528 | Orc:2    | Noticed Blork the orc
 12532 | Orc:2    | Killed Blork the orc
 12537 | Orc:2    | Killed an orc high priest
 12550 | Orc:2    | Reached skill level 12 in Maces & Flails
 13027 | Orc:2    | Found a roughly hewn altar of Beogh.
 13086 | Orc:2    | Reached skill level 10 in Armour
 13089 | Orc:2    | Found Hostraoc's Antique Weapon Boutique.
 13097 | Orc:2    | Bought a faintly glowing demon whip for 420 gold pieces
 13097 | Orc:2    | Identified the +10 demon whip "Waruugry" {freeze, +Fly rC++} (You bought it in a shop on level 2 of the Orcish Mines)
 13111 | Orc:2    | Found Biboom's Book Boutique.
 13136 | Orc:2    | Found Lowy's Antique Armour Boutique.
 13161 | Orc:2    | Found Zuedyago's General Store.
 13169 | Orc:2    | Bought a scroll of remove curse for 42 gold pieces
 13169 | Orc:2    | Bought a scroll of recharging for 133 gold pieces
 13169 | Orc:2    | Bought a potion of curing for 42 gold pieces
 13251 | Orc:2    | Found a staircase to the Elven Halls.
 13552 | Orc:2    | Noticed a soul eater
 13731 | Elf:1    | Entered Level 1 of the Elven Halls
 13734 | Elf:1    | Reached skill level 5 in Crossbows
 13749 | Elf:1    | Found Lush's Distillery.
 13758 | Elf:1    | Bought a potion of haste for 190 gold pieces
 13758 | Elf:1    | Bought a potion of haste for 190 gold pieces
 13758 | Elf:1    | Bought a potion of might for 76 gold pieces
 13758 | Elf:1    | Bought a potion of heal wounds for 95 gold pieces
 13837 | Elf:1    | Found Lawan's Magic Scroll Emporium.
 13853 | Elf:1    | Reached skill level 10 in Fighting
 13991 | Elf:1    | Noticed a deep elf knight
 14007 | Elf:1    | Reached skill level 10 in Shields
 14012 | Elf:1    | Killed a deep elf knight
 14078 | Elf:1    | Reached XP level 13. HP: 62/82 MP: 17/17
 14123 | Elf:1    | Reached ***** piety under Makhleb
 14288 | Elf:1    | Reached skill level 13 in Maces & Flails
 14750 | Elf:1    | Slain by a fire elemental

Skill      XL: |  1  2  3  4  5  6  7  8  9 10 11 12 13 |
---------------+----------------------------------------+-----
Maces & Flails | 3 4 5 6 7 9 10 11 12 13 | 13.2
Fighting       | 4 5 6 7 8 9 10 | 10.7
Armour         | 4 5 6 7 8 9 10 | 10.9
Shields        | 4 5 6 7 8 9 10 | 10.5
Invocations    | 3 5 6 7 |  7.4
Crossbows      | 2 4 5 6 |  6.3

Action                   |  1- 3 |  4- 6 |  7- 9 | 10-12 | 13-15 || total
-------------------------+-------+-------+-------+-------+-------++-------
Melee: Flail             |   175 |   168 |       |       |       ||   343
       Mace              |       |   110 |   472 |   368 |       ||   950
       Whip              |       |       |       |    14 |       ||    14
       Eveningstar       |       |       |       |    62 |       ||    62
       Demon whip        |       |       |       |    80 |   108 ||   188
 Fire: Arbalest          |       |       |       |   146 |    20 ||   166
Throw: Tomahawk          |       |    30 |    57 |       |       ||    87
Invok: Lesser Servant of |       |       |       |    17 |       ||    17
Evoke: Wand              |       |       |       |     2 |       ||     2
  Use: Scroll            |     1 |     1 |    16 |     9 |     1 ||    28
       Potion            |       |       |     4 |    11 |     3 ||    18
 Stab: Paralysed         |       |       |       |     7 |       ||     7
  Eat: Chunk             |     2 |     8 |    14 |     9 |    13 ||    46
       Beef jerky        |       |       |     1 |       |       ||     1
       Bread ration      |       |       |       |     3 |       ||     3
Armor: Scale mail        |   153 |   132 |       |       |       ||   285
       Chain mail        |       |     2 |   278 |       |       ||   280
       Plate armour      |       |       |       |   517 |   129 ||   646
Dodge: Dodged            |    97 |    85 |    86 |   198 |    22 ||   488
Block: Shield            |   145 |   161 |   243 |   187 |       ||   736
